 Dungeon Crawl Stone Soup version 0.30-a0-881-g1ff12e1e11 (webtiles) character file.

Game seed: 1732525614781243534

244480 ragingrage the Severer (level 18, 0/134 HPs)
             Began as a Mummy Berserker on Mar 13, 2023.
             Was a High Priest of Trog.
             Killed from afar by a deep elf zephyrmancer (27 damage)
             ... with a bolt of lightning
             ... on level 1 of the Elven Halls on Mar 14, 2023.
             The game lasted 01:10:59 (46211 turns).

ragingrage the Severer (Mummy Berserker)           Turns: 46211, Time: 01:11:00

Health: 0/134      AC: 40    Str: 30    XL:     18   Next: 73%
Magic:  18/18      EV: 10    Int:  8    God:    Trog [*****.]
Gold:   3675       SH: 12    Dex: 11    Spells: 17/17 levels left

rFire   . . .      SeeInvis .    a - +8 broad axe (freeze)
rCold   + + .      Faith    +    z - +2 buckler {rC+}
rNeg    + + +      Spirit   .    P - +8 plate armour of Nyob {rCorr}
rPois   ∞          Reflect  +    u - +0 helmet
rElec   .          Rampage  .    E - +2 cloak {Will+}
rCorr   +                        J - +0 pair of gloves {Str+3}
Will    +++++                    C - +2 pair of boots {Fly} Stlth
                                 q - amulet of reflection
HPRegen 1.42/turn                y - ring of protection from fire
MPRegen 0.16/turn                I - +4 ring of protection

@: strong-willed, flying, regenerating, studying Long Blades
A: cold resistance 1, negative energy resistance 3, torment resistance 2, heat
vulnerability 1, in touch with death 2, no potions, faith
}: 2/15 runes: barnacled, gossamer
a: Renounce Religion, Trog's Hand, Brothers in Arms


You were on level 1 of the Elven Halls.
You worshipped Trog.
Trog was extremely pleased with you.
You visited 6 branches of the dungeon, and saw 31 of its levels.
You also visited: Sewer, Ossuary, Bailey, Gauntlet and Ice Cave.

You collected 5061 gold pieces.
You spent 1386 gold pieces at shops.

Inventory:

Hand Weapons
 a - a +8 broad axe of freezing (weapon)
 b - a +5 hand axe of venom
 h - the +1 hand axe of the Onslaught {spect, Will+ Int+2 Dex+2 SInv}
   (You bought it in a shop on level 1 of the Dungeon)

   Int:       It affects your intelligence (+2).
   Dex:       It affects your dexterity (+2).
   SInv:      It lets you see invisible.
   Will:      It increases your willpower.
 A - a +3 antimagic war axe
Missiles
 r - a throwing net
 H - 23 poisoned darts
 K - 2 silver boomerangs
 N - 14 javelins
 Q - 7 silver javelins
 S - 20 boomerangs (quivered)
Armour
 p - the +6 ice dragon scales of Qaarph {rF- rC++ Will+ rCorr Stlth-}
   (You found it in an ice cave)

   rF:        It makes you vulnerable to fire.
   rC:        It greatly protects you from cold.
   rCorr:     It protects you from acid and corrosion.
   Will:      It increases your willpower.
   Stlth:     It makes you less stealthy.
 u - a +0 helmet (worn)
 z - a +2 buckler of cold resistance (worn)
 C - a +2 pair of boots of flying (worn)
 E - a +2 cloak of willpower (worn)
 J - a +0 pair of gloves of strength (worn)
 P - the +8 plate armour of Nyob (worn) {rCorr}
   (You found it in a Gauntlet)

   rCorr:     It protects you from acid and corrosion.
Jewellery
 e - a +5 ring of evasion
 i - a +6 ring of strength
 l - a +4 ring of slaying
 q - an amulet of reflection (around neck)
 y - a ring of protection from fire (left hand)
 B - a ring of protection from fire
 I - a +4 ring of protection (right hand)
Wands
 g - a wand of digging (11)
 n - a wand of paralysis (6)
 x - a wand of flame (25)
 D - a wand of iceblast (7)
 F - a wand of light (7)
 M - a wand of mindburst (13)
Scrolls
 d - 21 scrolls of teleportation
 f - 2 scrolls of poison
 j - 9 scrolls of fear
 k - 7 scrolls of immolation
 o - 8 scrolls of vulnerability
 s - 2 scrolls of fog
 t - 6 scrolls of magic mapping
 v - 5 scrolls of blinking
 w - 5 scrolls of silence
 G - 3 scrolls of enchant armour
 L - 2 scrolls of torment
 R - a scroll of summoning
Miscellaneous
 O - a box of beasts
 V - a lightning rod (4/4)


   Skills:
 - Level 10.0 Fighting
 - Level 18.0 Axes
 - Level 14.0 Throwing
 + Level 15.9 Armour
 - Level 5.0 Dodging
 - Level 3.0 Stealth
 + Level 7.2 Shields
 - Level 10.0 Evocations


You had 17 spell levels left.
You didn't know any spells.
Your spell library was empty.

Dungeon Overview and Level Annotations

Branches:
Dungeon (15/15)            Temple (0/1) D:6            Lair (5/5) D:11
 Shoals (4/4) Lair:3       Spider (4/4) Lair:3        Slime (0/5) Lair:4
    Orc (2/2) D:11            Elf (1/3) Orc:2        Vaults (0/5) D:13
 Depths (0/4) D:15          Sewer (visited)         Ossuary (visited)
 Bailey (visited)           IceCv (visited)         Gauntlet (visited)

Altars:
Ashenzari
Gozag
Hepliaklqana
Makhleb
Nemelex Xobeh
Sif Muna
Uskayaw
Vehumet

Shops:
D:1 ?[[*(   D:8 !([[   Orc:2 !?!!   Shoals:1 =?

Annotations:
D:4 1 runed translucent door, Newt's ghost, amateur KoHu
D:11 2 exclusions
D:12 exclusions: lindwurm and 3 more exclusions
Lair:2 exclusion: downstairs
Spider:1 exclusion: downstairs
Spider:3 exclusion: downstairs


Innate Abilities, Weirdness & Mutations

You are immune to poison.
Your flesh is cold resistant. (rC+)
You are immune to negative energy. (rN+++)
You are immune to unholy pain and torment.
You are vulnerable to heat. (rF-)
You are strongly in touch with the powers of death.
You do not drink.
You have a special connection with the divine. (Faith)


Message History

The deep elf archer wields a +0 longbow.
The deep elf archer shoots an arrow.
The arrow hits your deep troll!
You miss the deep elf pyromancer.
The deep elf pyromancer casts a spell at you.
The bolt of fire hits you!!
The deep elf archer shoots an arrow.
The arrow closely misses your deep troll.
The arrow hits you!!
* * * LOW HITPOINT WARNING * * *
You slash the deep elf pyromancer! You freeze the deep elf pyromancer.
You kill the deep elf pyromancer!
Trog accepts your kill.
Trog appreciates your killing of a magic user.
The +0 heavy dire flail hits your deep troll.
The deep elf archer shoots an arrow.
The arrow hits your deep troll.
Okay, then.
Your skin crawls.
You feel strong-willed.
Your deep troll completely misses the +0 heavy dire flail.
Your deep troll closely misses the +0 heavy dire flail.
Your deep troll misses the +0 heavy dire flail.
The deep elf zephyrmancer casts a spell at you.
The bolt of lightning hits your deep troll!!
The bolt of lightning misses you.
A deep elf elementalist comes into view.
It is wielding a +0 long sword.
The +0 heavy dire flail hits your deep troll!!
The +3 war axe of freezing hits you but does no damage.
You hear a shout! x2
Okay, then.
You slice the +3 war axe of freezing!! You freeze the +3 war axe of freezing.
The +3 war axe of freezing falls from the air.
Trog accepts your kill.
Your deep troll misses the deep elf archer.
Your deep troll claws the deep elf archer!! x2
The +0 heavy dire flail hits your deep troll!!
Your deep troll dies!
Your deep troll's corpse disappears in a puff of smoke!
The deep elf zephyrmancer points at you and mumbles some strange words.
The bolt of lightning misses the +0 heavy dire flail.
The bolt of lightning hits you!!
You die...

#....# ##....## #....#
#......# ... #?..)# #......#
.....
###########?...####....##
.....
>.....................##
..... ######...##..##.##.###
.....######.........####.#.#
....................## #.#.#
####...###....)@)...###.#.#
#...........))#.#.##.#..
#..<#..#..####..##.#.#^.
##.#....##.# ##§###..#..
###....# #.# #(e###.# #....#
#.##...##... .......
......e..#... .......
....e..#....? ....###
.....e........


You could see 2 deep elf archers, a deep elf zephyrmancer and a +0 heavy dire
flail.

Vanquished Creatures
  Arachne (Spider:4)
  Rupert (Spider:1)
  Jorgrun (Spider:3)
  2 sphinxes (Shoals:4)
  An azure jelly (IceCv)
  Ilsuiw (Shoals:3)
  2 ghost moths
  5 emperor scorpions
  2 quicksilver oozes (IceCv)
  A broodmother (Spider:2)
  3 minotaurs
  A dire elephant (Lair:4)
  4 spark wasps
  An ettin (D:15)
  Josephine (Orc:1)
  8 merfolk impalers
  3 entropy weavers
  9 hydras
  Erolcha (D:9)
  3 vault guards (D:13)
  A two-headed ogre (D:9)
  4 jorogumos
  12 boulder beetles
  3 centaur warriors
  2 merfolk avatars
  2 death knights
  2 radroaches
  A merfolk aquamancer (Shoals:1)
  15 satyrs
  An alligator snapping turtle (Shoals:4)
  7 death scarabs (Spider:4)
  A dancing weapon (Elf:1)
  4 death yaks
  2 tengu warriors
  Amaemon (D:8)
  A death drake (Gauntlet)
  2 skeletal warriors (D:15)
  2 skysharks
  10 sea snakes
  5 pharaoh ants
  11 orb spiders
  A deep troll (D:15)
  An orc knight (Orc:2)
  A wizard (Gauntlet)
  2 spectral wolf spiders (Spider:4)
  4 necromancers
  27 harpies
  A spectral jorogumo (Spider:4)
  11 steelbarb worms
  A deep elf pyromancer (Elf:1)
  16 ugly things
  10 cyclopes
  An orc sorcerer (D:15)
  14 wolf spiders
  13 manticores
  9 fauns
  5 moths of wrath
  2 centaur zombies (Gauntlet)
  4 water nymphs
  16 elephants
  An elephant (shapeshifter) (Shoals:2)
  Joseph (D:7)
  4 black mambas
  3 ice statues (IceCv)
  7 merfolk sirens
  A spectral centaur (Gauntlet)
  13 demonic crawlers
  8 torpor snails
  2 gargoyles
  An orange demon (D:8)
  A cane toad (shapeshifter) (Gauntlet)
  10 cane toads
  A redback zombie (Spider:4)
  2 spectral redbacks (Spider:4)
  An unseen horror (D:12)
  5 rime drakes
  A yaktaur (D:13)
  A tengu conjurer (D:14)
  A freezing wraith (D:15)
  5 komodo dragons
  2 efreet (D:15)
  26 merfolk
  3 meliai (D:14)
  A wind drake (shapeshifter) (Gauntlet)
  2 wind drakes
  4 trolls
  18 tarantellas
  2 hornets (Lair:5)
  A spectral culicivora (Spider:4)
  A polar bear (shapeshifter) (Gauntlet)
  2 spectral tarantellas (Spider:4)
  4 polar bears
  14 blink frogs
  A culicivora zombie (Spider:4)
  Grinder (Sewer)
  4 spectral jumping spiders (Spider:4)
  4 dream sheep (Lair:5)
  13 snapping turtles
  4 jumping spider zombies (Spider:4)
  19 jumping spiders
  2 shadows
  17 slime creatures
  19 culicivoras
  A vampire (D:12)
  7 water elementals
  5 wraiths
  42 yaks
  14 wyverns
  19 humans (D:13)
  57 redbacks
  3 basilisks
  6 steam dragons
  2 vampire mosquitoes (D:13)
  2 wargs (Orc:2)
  2 acid dragons
  15 water moccasins
  Duvessa (D:7)
  27 orc warriors
  A sky beast (D:7)
  2 ice beasts (D:6)
  2 black bears (Lair:3)
  6 great orb of eyes simulacra (IceCv)
  4 ogres
  12 wolves
  A slime creature simulacrum (IceCv)
  25 centaurs
  5 kobold brigands
  15 bullfrogs
  2 scorpions
  A glowing shapeshifter simulacrum (IceCv)
  Dowan (D:7)
  15 killer bees
  6 howler monkeys
  4 vampire bats (Lair:4)
  7 electric eels
  A crimson imp (Spider:2)
  2 quasits
  8 jellies
  3 hounds
  12 orc priests
  A sleepcap (D:5)
  Jessica (D:2)
  5 iguanas
  14 orc wizards
  10 hell rats
  4 yak simulacra (Lair:2)
  3 shapeshifter simulacra (IceCv)
  2 wolf simulacra (Lair:2)
  8 mummies (Ossuary)
  2 adders
  13 gnolls
  2 river rats (D:6)
  4 shadow imps
  3 white imps
  5 ufetubi
  A worm (D:2)
  4 dart slugs
  85 orcs
  7 endoplasms
  3 giant cockroaches
  A gnoll zombie (Ossuary)
  9 goblins
  8 hobgoblins
  29 kobolds
  2 quokkas (D:1)
  6 ball pythons
  9 bats
  2 frilled lizards
  A goblin skeleton (D:5)
  11 hobgoblin zombies
  A kobold skeleton (D:5)
  4 kobold zombies
  An orc skeleton (D:5)
  2 orc zombies
  9 rats
  5 river rat simulacra (Lair:2)
1127 creatures vanquished.

Vanquished Creatures (collateral kills)
  2 quicksilver oozes (IceCv)
  Snorg (D:14)
  2 merfolk impalers (Shoals:4)
  A hydra (Lair:2)
  A boulder beetle (D:14)
  2 merfolk avatars
  3 satyrs (Shoals:4)
  2 dancing weapons (Elf:1)
  3 skeletal warriors (D:14)
  2 sea snakes
  2 deep elf pyromancers (Elf:1)
  2 wolf spiders
  A deep elf zephyrmancer (Elf:1)
  5 ugly things (D:14)
  A manticore (Shoals:3)
  3 fauns (Shoals:4)
  A cyclops (D:14)
  2 merfolk sirens (Shoals:4)
  A gargoyle (D:14)
  Maggie (D:7)
  A komodo dragon (Lair:2)
  2 merfolk
  A spectral tarantella (Spider:4)
  3 slime creatures
  A great orb of eyes simulacrum (IceCv)
  A centaur (D:12)
  3 wolves
  A boggart (Elf:1)
  A white imp (D:7)
52 creatures vanquished.

Vanquished Creatures (others)
  A tarantella (Spider:4)
  An endoplasm (Sewer)
  A kobold zombie (Sewer)
  29 fungi
  70 plants
  26 withered plants (Gauntlet)
128 creatures vanquished.

Grand Total: 1307 creatures vanquished

Notes
Turn   | Place    | Note
-------+----------+-------------------------------------------
     0 | D:1      | ragingrage the Mummy Berserker began the quest for the Orb.
     0 | D:1      | Reached XP level 1. HP: 18/18 MP: 1/1
   108 | D:1      | Found Tashusuxt's Weapon Emporium.
   207 | D:1      | Found Veriahytri's General Store.
   302 | D:1      | Reached skill level 3 in Axes
   302 | D:1      | Reached XP level 2. HP: 21/24 MP: 2/2
   406 | D:1      | Found Jibrefre's Antique Armour Shoppe.
   445 | D:1      | Found Zutzyclo's Magic Scroll Shoppe.
   489 | D:1      | Bought a scroll of poison for 44 gold pieces
   616 | D:1      | Found Ufuthruc's Antique Armour Emporium.
   746 | D:2      | Reached ** piety under Trog
   747 | D:2      | Gained mutation: You are in touch with the powers of death.
                  | [Mummy growth]
   747 | D:2      | Reached XP level 3. HP: 21/29 MP: 3/3
   926 | D:2      | Noticed Jessica
   936 | D:2      | Killed Jessica
  1059 | D:2      | Reached skill level 4 in Axes
  1674 | D:3      | Reached XP level 4. HP: 35/35 MP: 4/4
  1694 | D:3      | Found a burning altar of Makhleb.
  1694 | D:3      | Found an opulent altar of Gozag.
  1919 | D:3      | Found a broken altar of Ashenzari.
  1923 | D:3      | Found a hide-covered altar of Uskayaw.
  1928 | D:3      | Found a hazy altar of Hepliaklqana.
  1952 | D:3      | Found a radiant altar of Vehumet.
  2228 | D:4      | Reached skill level 1 in Stealth
  2387 | D:1      | Bought a glowing chain mail for 157 gold pieces
  2465 | D:4      | Reached XP level 5. HP: 29/41 MP: 5/5
  2512 | D:4      | Found a runed translucent door.
  2518 | D:4      | Noticed Newt's ghost (amateur KoHu)
  2615 | D:4      | Reached *** piety under Trog
  2946 | D:4      | Reached skill level 5 in Axes
  2991 | D:5      | Entered Level 5 of the Dungeon
  3206 | D:5      | Reached XP level 6. HP: 43/47 MP: 6/6
  3444 | D:5      | Reached skill level 6 in Axes
  3532 | D:5      | Reached XP level 7. HP: 45/52 MP: 7/7
  3841 | D:6      | Reached **** piety under Trog
  3980 | D:6      | Reached skill level 7 in Axes
  4006 | D:6      | Found a glowing drain.
  4012 | Sewer    | Entered a sewer
  4116 | Sewer    | Found a burning altar of Makhleb.
  4232 | Sewer    | Noticed Grinder
  4248 | Sewer    | Killed Grinder
  4249 | Sewer    | Reached skill level 8 in Axes
  4249 | Sewer    | Reached skill level 1 in Shields
  4249 | Sewer    | Reached XP level 8. HP: 58/58 MP: 8/8
  4490 | D:6      | Found a staircase to the Ecumenical Temple.
  5051 | D:7      | Reached skill level 9 in Axes
  5095 | D:7      | Reached ***** piety under Trog
  5124 | D:7      | Noticed Duvessa
  5124 | D:7      | Noticed Dowan
  5125 | D:7      | Noticed Joseph
  5136 | D:7      | Killed Joseph
  5137 | D:7      | Reached skill level 10 in Axes
  5137 | D:7      | Reached XP level 9. HP: 20/63 MP: 9/9
  5227 | D:8      | Noticed Amaemon
  5230 | D:8      | Noticed an orange demon
  5246 | D:7      | Killed Duvessa
  5257 | D:7      | Killed Dowan
  5282 | D:7      | Found a sand-covered staircase.
  5289 | Ossuary  | Entered an ossuary
  5606 | D:1      | Bought the +1 hand axe of the Onslaught {spect, Will+ Int+2
                  | Dex+2 SInv} for 414 gold pieces
  5845 | D:7      | Noticed a cyclops
  5860 | D:7      | Killed a cyclops
  5861 | D:7      | Reached skill level 11 in Axes
  6083 | D:7      | Noticed Maggie
  6091 | D:7      | Killed Maggie
  6321 | D:8      | Killed an orange demon
  6355 | D:8      | Killed Amaemon
  6356 | D:8      | Reached skill level 12 in Axes
  6356 | D:8      | Reached XP level 10. HP: 52/70 MP: 10/10
  6564 | D:8      | Found Juvoo's Armour Shop.
  6743 | D:8      | Found Iroujakk's Antique Armour Shop.
  6761 | D:8      | Found Doroafru's Weapon Emporium.
  6765 | D:8      | Bought a throwing net for 36 gold pieces
  7049 | D:8      | Found a sparkling altar of Nemelex Xobeh.
  7124 | D:8      | Found Jeh Fyt's Distillery.
  7327 | D:8      | Found a shimmering blue altar of Sif Muna.
  7596 | D:9      | Received a gift from Trog
  7625 | D:9      | Reached skill level 13 in Axes
  7805 | D:9      | Identified the +0 leather armour "Muzxor" {Dex+2}
  7969 | D:9      | Noticed a two-headed ogre
  7998 | D:9      | Killed a two-headed ogre
  8287 | D:9      | Noticed Erolcha
  8296 | D:9      | Killed Erolcha
  8297 | D:9      | Reached skill level 14 in Axes
  8304 | D:9      | Reached XP level 11. HP: 55/75 MP: 11/11
  8593 | D:10     | Entered Level 10 of the Dungeon
  8676 | D:10     | Reached skill level 1 in Throwing
  8714 | D:10     | Reached skill level 1 in Evocations
  8960 | D:10     | Found a flagged portal.
  8969 | D:10     | Identified a scroll of acquirement
  8970 | D:10     | Acquired a manual of Axes
  8974 | Bailey   | Entered a bailey
  9234 | Bailey   | Received a gift from Trog
 10014 | D:11     | Found a staircase to the Orcish Mines.
 10072 | D:11     | Found a gate leading to a gauntlet.
 10086 | Gauntlet | Entered a Gauntlet
 10086 | Gauntlet | Found a transporter.
 10096 | Gauntlet | Found a large runed translucent door.
 10097 | Gauntlet | Found a large runed translucent door.
 10098 | Gauntlet | Found a large runed translucent door.
 10098 | Gauntlet | Found a large runed translucent door.
 10098 | Gauntlet | Found a runed translucent door.
 10099 | Gauntlet | Found a large runed translucent door.
 10100 | Gauntlet | Found a large runed translucent door.
 10101 | Gauntlet | Found a large runed translucent door.
 10101 | Gauntlet | Found a large runed translucent door.
 10102 | Gauntlet | Found a runed translucent gate.
 10102 | Gauntlet | Found a runed translucent gate.
 10104 | Gauntlet | Found a transporter.
 10105 | Gauntlet | Noticed an entropy weaver
 10112 | Gauntlet | Found a runed translucent gate.
 10112 | Gauntlet | Found a runed translucent door.
 10113 | Gauntlet | Found a large runed translucent door.
 10113 | Gauntlet | Found a large runed translucent door.
 10114 | Gauntlet | Found a large runed translucent door.
 10115 | Gauntlet | Found a large runed translucent door.
 10119 | Gauntlet | Found a transporter.
 10124 | Gauntlet | Found a transporter.
 10130 | Gauntlet | Noticed a six-headed hydra
 10139 | Gauntlet | Found a transporter.
 10158 | Gauntlet | Found a transporter.
 10170 | Gauntlet | Found a transporter.
 10182 | Gauntlet | Found a transporter.
 10188 | Gauntlet | Found a transporter.
 10190 | Gauntlet | Found a transporter.
 10200 | Gauntlet | Noticed a death drake
 10204 | Gauntlet | Noticed an entropy weaver
 10207 | Gauntlet | Found a transporter.
 10219 | Gauntlet | Found a transporter.
 10236 | Gauntlet | Found a transporter.
 10253 | Gauntlet | Found a transporter.
 10255 | Gauntlet | Found a transporter.
 10269 | Gauntlet | a redback changed into a two-headed ogre
 10269 | Gauntlet | Noticed a two-headed ogre (shapeshifter)
 10273 | Gauntlet | Noticed a wizard
 10282 | Gauntlet | Found a transporter.
 10288 | Gauntlet | a two-headed ogre changed into a torpor snail
 10300 | Gauntlet | Found a large runed translucent door.
 10300 | Gauntlet | Found a large runed translucent door.
 10301 | Gauntlet | Found a large runed translucent door.
 10302 | Gauntlet | Found a large runed translucent door.
 10304 | Gauntlet | Found a transporter.
 10312 | Gauntlet | Noticed a death drake
 10325 | Gauntlet | a death drake changed into a jumping spider
 10489 | Gauntlet | Noticed a two-headed ogre
 10492 | Gauntlet | Noticed a death drake
 10497 | Gauntlet | a two-headed ogre changed into an eye of devastation
 10504 | Gauntlet | a death drake changed into a floating eye
 10519 | Gauntlet | a floating eye changed into a steelbarb worm
 10519 | Gauntlet | Noticed a steelbarb worm (shapeshifter)
 10522 | Gauntlet | Found the dreamshard necklace {*Dream Drain}
 10522 | Gauntlet | Found a transporter.
 10529 | Gauntlet | Killed a wizard
 10707 | Gauntlet | Killed a death drake
 10863 | Gauntlet | Noticed a minotaur
 10875 | Gauntlet | Killed a minotaur
 10882 | Gauntlet | Identified the +8 plate armour of Nyob {rCorr}
 10983 | D:11     | You fall into a shaft and drop 3 floors!
 11017 | D:13     | Reached skill level 5 in Fighting
 11029 | D:13     | Noticed a death knight
 11089 | D:14     | Noticed a skeletal warrior
 11089 | D:14     | Noticed a skeletal warrior
 11094 | D:14     | Noticed a skeletal warrior
 11095 | D:14     | Killed a skeletal warrior
 11097 | D:14     | Killed a skeletal warrior
 11098 | D:14     | Killed a skeletal warrior
 11099 | D:14     | Reached XP level 12. HP: 47/86 MP: 12/12
 11116 | D:14     | Noticed a boulder beetle
 11121 | D:14     | Killed a boulder beetle
 11140 | D:14     | Noticed a boulder beetle
 11403 | D:13     | Noticed a centaur warrior
 11414 | D:13     | Reached skill level 15 in Axes
 11414 | D:13     | Killed a centaur warrior
 11431 | D:13     | Identified the +4 scimitar of Xom's Benevolence {chaos,
                  | *Noise rF++ Str+2 Dex+2}
 11669 | D:12     | Noticed a boulder beetle
 11682 | D:12     | Killed a boulder beetle
 11804 | D:12     | Found a frozen archway.
 11814 | IceCv    | Entered an ice cave
 11935 | IceCv    | Noticed a quicksilver ooze
 11942 | IceCv    | Killed a quicksilver ooze
 11943 | IceCv    | Reached skill level 5 in Armour
 12023 | IceCv    | Noticed a quicksilver ooze
 12040 | IceCv    | HP: 3/89 [quicksilver ooze (12)]
 12046 | IceCv    | Killed a quicksilver ooze
 12070 | IceCv    | Noticed a quicksilver ooze
 12074 | IceCv    | Killed a quicksilver ooze
 12209 | IceCv    | Reached skill level 5 in Evocations
 12257 | IceCv    | Reached skill level 5 in Throwing
 13589 | IceCv    | Found a viscous altar of Jiyva.
 13589 | IceCv    | Noticed an azure jelly
 13604 | IceCv    | Killed an azure jelly
 13830 | IceCv    | Noticed a quicksilver ooze
 13846 | IceCv    | Killed a quicksilver ooze
 13847 | IceCv    | Gained mutation: You are strongly in touch with the powers
                  | of death. [Mummy growth]
 13847 | IceCv    | Reached XP level 13. HP: 53/96 MP: 0/13
 13985 | IceCv    | Identified the +6 ice dragon scales of Qaarph {rF- rC++
                  | Will+ rCorr Stlth-}
 14008 | IceCv    | Got the ring "Nurghij" {Ice Dex+5}
 14468 | D:11     | Found a staircase to the Lair.
 14552 | Lair:1   | Entered Level 1 of the Lair of Beasts
 14645 | Lair:1   | Reached ****** piety under Trog
 14650 | Lair:1   | Received a gift from Trog
 14917 | D:8      | Bought a +1 cloak of willpower for 264 gold pieces
 15250 | Lair:1   | Reached skill level 16 in Axes
 16284 | Lair:2   | Reached skill level 17 in Axes
 16565 | Lair:2   | Received a gift from Trog
 17436 | Lair:3   | Found a staircase to the Shoals.
 18176 | Lair:3   | Reached XP level 14. HP: 60/105 MP: 14/14
 18558 | Lair:3   | Found a hole to the Spider Nest.
 18646 | Lair:3   | Identified the +0 robe "Codetom" {rElec rF- Str+4}
 18845 | Lair:3   | Received a gift from Trog
 19486 | Lair:4   | Found a staircase to the Slime Pits.
 20387 | D:8      | Bought a pair of runed boots for 202 gold pieces
 20875 | Lair:4   | Received a gift from Trog
 21131 | Lair:5   | Entered Level 5 of the Lair of Beasts
 21153 | Lair:5   | Reached skill level 18 in Axes
 21170 | Lair:5   | Reached skill level 10 in Armour
 21348 | Lair:5   | HP: 1/105 [11-headed hydra (11)]
 22112 | Lair:5   | Received a gift from Trog
 22623 | Lair:5   | Identified the +4 war axe "Concordance" {heavy, *Corrode
                  | Fragile rC+ Dex+8}
 22634 | Lair:5   | Identified the +1 trident of Sin {flame, *Corrode rElec
                  | rPois}
 23929 | D:12     | Reached XP level 15. HP: 112/112 MP: 15/15
 24350 | D:13     | Found a gate to the Vaults.
 24752 | Orc:1    | Entered Level 1 of the Orcish Mines
 24755 | Orc:1    | Noticed Josephine
 24760 | Orc:1    | Killed Josephine
 24769 | Orc:1    | Received a gift from Trog
 25199 | Orc:2    | Entered Level 2 of the Orcish Mines
 25390 | Orc:2    | Found a staircase to the Elven Halls.
 25396 | Orc:2    | Found a burning altar of Makhleb.
 25845 | Orc:2    | Received a gift from Trog
 25922 | Orc:2    | Found Favoesonn's Magic Scroll Shop.
 25922 | Orc:2    | Found Yneschiy's Distillery.
 25924 | Orc:2    | Found Petude's Distillery.
 25926 | Orc:2    | Found Omureir's Distillery.
 26150 | Orc:2    | Bought a scroll of teleportation for 45 gold pieces
 26150 | Orc:2    | Bought a scroll of blinking for 112 gold pieces
 26917 | D:14     | Noticed Snorg
 26924 | D:14     | Killed Snorg
 27148 | D:14     | Reached skill level 5 in Dodging
 27222 | D:14     | Received a gift from Trog
 27238 | D:14     | Reached skill level 10 in Fighting
 27246 | D:14     | Reached skill level 5 in Shields
 27333 | D:15     | Entered Level 15 of the Dungeon
 27856 | D:15     | Found a staircase to the Depths.
 28561 | Spider:1 | Entered Level 1 of the Spider Nest
 28673 | Spider:1 | Reached XP level 16. HP: 116/122 MP: 16/16
 28730 | Spider:1 | Noticed Rupert
 28742 | Spider:1 | Killed Rupert
 28986 | Spider:1 | Received a gift from Trog
 29734 | Spider:1 | Identified the +0 robe of the Ecumenical Temple {Str+3}
 31198 | Spider:2 | Acquired a +2 pair of boots of flying
 31464 | Spider:2 | Received a gift from Trog
 31963 | Spider:2 | Reached skill level 10 in Evocations
 34127 | Spider:3 | Noticed Jorgrun
 34162 | Spider:3 | Killed Jorgrun
 35207 | Spider:4 | Entered Level 4 of the Spider Nest
 35561 | Spider:3 | Received a gift from Trog
 35949 | Spider:4 | Reached XP level 17. HP: 116/128 MP: 17/17
 35993 | Spider:4 | Reached skill level 10 in Throwing
 36902 | Spider:4 | Identified the +1 quarterstaff of a volcano {freeze, rC+}
 37150 | Spider:4 | Received a gift from Trog
 37403 | Spider:4 | Noticed Arachne
 37434 | Spider:4 | Killed Arachne
 38763 | Spider:4 | Got a gossamer rune of Zot
 39009 | Shoals:1 | Entered Level 1 of the Shoals
 39143 | Shoals:1 | Found Lyzxoquu's Magic Scroll Shop.
 39176 | Shoals:1 | Bought a scroll of magic mapping for 112 gold pieces
 39552 | Shoals:1 | Found Peokk's Jewellery Boutique.
 39751 | Shoals:1 | Identified the ring "Cuenetso" {rF+ Str-3 Int-3 Dex+4
                  | Stlth+}
 40017 | Shoals:2 | Acquired a manual of Armour
 40331 | Shoals:2 | Received a gift from Trog
 41489 | Shoals:3 | Reached XP level 18. HP: 105/134 MP: 18/18
 41759 | Shoals:3 | Noticed Ilsuiw
 42431 | Shoals:3 | Killed Ilsuiw
 43124 | Shoals:4 | Entered Level 4 of the Shoals
 43410 | Shoals:4 | Received a gift from Trog
 45070 | Shoals:4 | Reached skill level 15 in Armour
 45326 | Shoals:4 | Received a gift from Trog
 45562 | Shoals:4 | Identified the +11 dagger of Hoffaes {drain, Will+}
 45736 | Shoals:4 | Got a barnacled rune of Zot
 45897 | Shoals:4 | Upgraded the game from 0.30-a0-879-ga8ba668304 to
                  | 0.30-a0-881-g1ff12e1e11
 46133 | Elf:1    | Entered Level 1 of the Elven Halls
 46211 | Elf:1    | Killed from afar by a deep elf zephyrmancer

Illustrated notes

Levels and vault maps discovered:
D:1:      shiori_arrival_oz, layout_loops_ring, serial_shops,
          nicolae_shop_behind_doors, nicolae_shop_window_shopping, shop_statue,
          nicolae_shop_crystal, shop
D:2:      layout_loops_ring, uniq_jessica
D:3:      layout_basic, grunt_temple_overflow_cloverleaf,
          grunt_temple_overflow_diamond
D:4:      layout_gridville, mainiacjoe_overflow_paths, ebering_ghost_sewer_d,
          minmay_misc_feat_cross, chequers_serial_rivers_micro_d
D:5:      layout_loops_ring, nicolae_tso_besieged_by_evil
D:6:      layout_basic, minmay_temple_entry_metal_lava, portal_sewer_entry_e
D:7:      layout_basic, lightli_ossuary_entry_decrepit_ruins,
          nicolae_nh_ransacked_shop, uniq_duvessa, uniq_joseph, uniq_maggie
D:8:      layout_loops_ring, led_sif_pool, general_overflow_altar, serial_shops,
          shop, shop, nicolae_shop_window_shopping, nicolae_shop_behind_doors,
          uniq_amaemon
D:9:      layout_basic, kennysheep_path_1, uniq_erolcha
D:10:     layout_cave_pods, enter_bailey_3
D:11:     layout_irregular_city, lair_entry_dummy, hiddenorc2_lemuel,
          gauntlet_entry_generic
D:12:     layout_gridville, portal_ice_cave_entry_pillars_1,
          minmay_lindwurm_lava
D:13:     layout_big_octagon, grunt_vaults_entry_tiered
D:14:     layout_roguey, nicolae_cairo_tiling_very_big, uniq_snorg
D:15:     hangedman_depths_entry_civil_slaughter, layout_gridville,
          hangedman_decor_peaks_small
Lair:1:   layout_loops_ring, beast_lair_carwin_2, serial_bayou_shore_b
Lair:2:   layout_cave_pods, eino_house_with_fridge, serial_bayou_shore_a,
          grunt_megastairs_5
Lair:3:   layout_long_grid, nicolae_shoals_entry_roost,
          nicolae_spider_entry_orb_guardian, gammafunk_lair_bear_cave
Lair:4:   gammafunk_indiana_jones, layout_cave_pods,
          nicolae_slime_entry_slimehenge, special_room
          [special_room_mythical_zoo], roderic_batcave, serial_bayou_shore_b,
          lemuel_fruit_tree
Lair:5:   gammafunk_lair_ancient_temple, layout_misc_corridors,
          infiniplex_staircase_pool
Shoals:1: layout_shoals, serial_shops, shop_fountains, nicolae_shoals_c_island
Shoals:2: layout_shoals, nzn_prometheus_bound
Shoals:3: nicolae_shoals_island_circles, layout_shoals, uniq_ilsuiw
Shoals:4: shoals_end_hellmonk_lost_city
Spider:1: layout_spider_delve, uniq_rupert
Spider:2: layout_chambers, nicolae_crawler_farm
Spider:3: layout_spider_delve, nicolae_spider_baby_got_redback, uniq_jorgrun
Spider:4: floodkiller_spider_rune_tomb, uniq_arachne
Orc:1:    layout_caves, uniq_josephine
Orc:2:    st_orc_rangers, layout_caves, bloody_makhleb
Elf:1:    layout_rooms, hangedman_elf_disciples, drop_trap

Skill      XL: |  1  2  3  4  5  6  7  8  9 10 11 12 13 14 15 16 17 18 |
---------------+-------------------------------------------------------+-----
Axes           | 3 4 5 6 8 10 12 14 15 17 18 | 18.0
Stealth        | 1 2 3 |  3.0
Shields        | 1 2 5 7 |  7.2
Throwing       | 3 5 6 9 13 14 | 14.0
Armour         | 4 5 8 11 12 15 | 15.9
Evocations     | 3 5 8 10 | 10.0
Fighting       | 5 7 8 10 | 10.0
Dodging        | 2 5 |  5.0

Action                     |  1- 3 |  4- 6 |  7- 9 | 10-12 | 13-15 | 16-18 || total
---------------------------+-------+-------+-------+-------+-------+-------++-------
  Melee: Hand axe          |    99 |   184 |   263 |   544 |   731 |   769 ||  2590
         Punch             |       |     4 |     1 |       |       |       ||     5
         Dagger            |       |       |     4 |       |       |       ||     4
         Scimitar          |       |       |       |       |    73 |       ||    73
         Broad axe         |       |       |       |       |   389 |   806 ||  1195
         War axe           |       |       |       |       |       |    54 ||    54
  Throw: Dart              |     2 |     2 |     1 |    22 |    36 |   102 ||   165
         Boomerang         |       |       |       |     5 |     2 |    10 ||    17
         Throwing net      |       |       |       |       |     1 |       ||     1
 Invoke: Trog's Hand       |       |       |     3 |     5 |     5 |     8 ||    21
         Brothers in Arms  |       |       |     2 |     2 |     3 |     6 ||    13
  Evoke: Wand              |       |       |     2 |     6 |    12 |    14 ||    34
         Box of beasts     |       |       |       |     1 |     1 |     2 ||     4
    Use: Scroll            |     1 |     5 |     1 |    12 |       |    15 ||    34
   Stab: Paralysed         |       |       |     4 |     8 |       |    18 ||    30
         Distracted        |       |       |     1 |     5 |    14 |     4 ||    24
         Betrayed ally     |       |       |       |     2 |     5 |       ||     7
         Sleeping          |       |       |       |     9 |       |       ||     9
         Invisible         |       |       |       |       |       |     3 ||     3
         Confused          |       |       |       |       |       |     2 ||     2
 Armour: Ring mail         |    33 |     9 |       |       |       |       ||    42
         Chain mail        |       |    40 |    57 |       |       |       ||    97
         Steam dragon scal |       |       |     9 |    40 |       |       ||    49
         Plate armour      |       |       |       |   142 |   687 |  1009 ||  1838
  Dodge: Dodged            |    39 |   107 |   113 |   210 |   641 |   533 ||  1643
  Block: Other             |    19 |    40 |    18 |       |       |       ||    77
         Reflection        |       |     2 |     6 |     9 |    39 |    68 ||   124
         Buckler           |       |       |    72 |   128 |   451 |   970 ||  1621

Table legend: (Time is in decaauts)
 A = Elapsed time spent in this place.
 B = Non-inter-level travel time spent in this place.
 C = Inter-level travel time spent in this place.
 D = Time resting spent in this place.
 E = Time spent auto-exploring this place.
 F = Levels seen in this place.
 G = Mean time per level.
                   A        B        C        D        E       F      G
               +--------+--------+--------+--------+--------+-----+--------+
         Total |  45446 |  41538 |   3908 |  11758 |  19840 |  36 | 1262.4 |
       Dungeon |  14673 |  12883 |   1790 |   1800 |   7618 |  15 |  978.2 |
          Lair |   8353 |   7317 |   1036 |   1876 |   3913 |   5 | 1670.6 |
        Shoals |   6542 |   6204 |    338 |   2401 |   2568 |   4 | 1635.5 |
   Spider Nest |  10130 |   9581 |    549 |   3762 |   3707 |   4 | 2532.5 |
  Orcish Mines |   1642 |   1450 |    192 |    129 |   1030 |   2 |  821.0 |
   Elven Halls |     73 |     73 |      0 |      0 |     38 |   1 |   73.0 |
         Sewer |    332 |    332 |      0 |      3 |    155 |   1 |  332.0 |
       Ossuary |    165 |    165 |      0 |      0 |    102 |   1 |  165.0 |
        Bailey |    464 |    464 |      0 |    118 |    140 |   1 |  464.0 |
      Ice Cave |   2220 |   2220 |      0 |   1485 |    195 |   1 | 2220.0 |
      Gauntlet |    845 |    845 |      0 |    184 |    372 |   1 |  845.0 |
               +--------+--------+--------+--------+--------+-----+--------+

Top non-repeatable levels by time:
Spider:2: 3128 daAuts
Spider:4: 2764 daAuts
Spider:3: 2339 daAuts
   IceCv: 2220 daAuts
Shoals:4: 2206 daAuts
  Lair:2: 2040 daAuts
Shoals:3: 1948 daAuts
  Lair:3: 1917 daAuts
Spider:1: 1898 daAuts
  Lair:4: 1759 daAuts
    D:11: 1435 daAuts
  Lair:5: 1424 daAuts
     D:8: 1394 daAuts
Shoals:2: 1344 daAuts
  Lair:1: 1212 daAuts
